[ PARTIDA AOE2 · #505753703 ]
UnrankedTupíes vs Wu
Equipo del jugador · DERR
Equipo rival · VICT
[ ANÁLISIS DE REPETICIÓN · EXTRAÍDO DE LA PARTIDA GRABADA ]
Feudal
17:48
Castillos
—
Imperial
—
| APM promedio | 46.5 |
| APM pico | 78 |
| eAPM promedio | 22.6 |
| Aldeanos / militares | 58 / 15 |
Foco
⚔️ 31.4% · 🌾 68.6%
Archer ×12 · Skirmisher ×3 · Unknown (2550) ×2
Feudal
20:15
Castillos
35:26
Imperial
—
| APM promedio | 37.3 |
| APM pico | 60 |
| eAPM promedio | 18.3 |
| Aldeanos / militares | 73 / 41 |
Foco
⚔️ 44.3% · 🌾 55.7%
Militia ×34 · Unknown (1974) ×5 · Scorpion ×4 · Battering Ram ×3
Mapa de la partida
Recursos iniciales + cada clic de construcción. Líneas = muros · curvas = relieve. ◆ oro · ⬟ piedra · ● bayas · ✦ reliquia · ◌ hueco del cierre
Tu base· Abierta — flanco sin cerrar
Base de [GDL]CemenTox· Abierta — flanco sin cerrar
Terreno inicial suavizado · ◌ = hueco del cierre detectado · pasá el cursor para detalles
Inputs por minuto
— TE MS MOE - - [GDL]CemenTox
Build order — TE MS MOE
144 acciones detectadas en el replay
| 0:00 | Crear | Villager (Male) |
| 0:02 | Construir | House |
| 0:02 | Construir | House |
| 0:09 | Crear | Villager (Male) |
| 0:21 | Crear | Villager (Male) |
| 0:21 | Crear | Villager (Male) |
| 0:21 | Crear | Villager (Male) |
| 1:12 | Crear | Villager (Male) |
| 1:12 | Crear | Villager (Male) |
| 1:39 | Crear | Villager (Male) |
| 1:39 | Crear | Villager (Male) |
| 2:00 | Crear | Villager (Male) |
| 2:00 | Crear | Villager (Male) |
| 2:10 | Construir | Settlement |
| 2:31 | Crear | Villager (Male) |
| 2:56 | Crear | Villager (Male) |
| 2:57 | Crear | Villager (Male) |
| 2:57 | Crear | Villager (Male) |
| 3:52 | Crear | Villager (Male) |
| 4:05 | Crear | Villager (Male) |
| 4:07 | Investigar | Loom |
| 4:58 | Crear | Villager (Male) |
| 4:58 | Crear | Villager (Male) |
| 4:59 | Crear | Villager (Male) |
| 5:06 | Construir | Palisade Gate |
| 5:23 | Crear | Villager (Male) |
| 5:23 | Crear | Villager (Male) |
| 5:24 | Crear | Villager (Male) |
| 5:24 | Crear | Villager (Male) |
| 5:58 | Construir | House |
| 6:44 | Construir | Palisade Wall |
| 7:02 | Construir | Town Center |
| 7:43 | Crear | Villager (Male) |
| 7:44 | Crear | Villager (Male) |
| 8:02 | Crear | Villager (Male) |
| 9:20 | Crear | Villager (Male) |
| 9:20 | Crear | Villager (Male) |
| 12:34 | Crear | Villager (Male) |
| 12:56 | Construir | Settlement |
| 13:26 | Crear | Villager (Male) |
| 14:00 | Construir | Barracks |
| 14:02 | Crear | Villager (Male) |
| 15:01 | Construir | Palisade Wall |
| 15:05 | Construir | Palisade Wall |
| 15:14 | Construir | Palisade Wall |
| 15:27 | Construir | Palisade Wall |
| 15:28 | Construir | Palisade Wall |
| 15:29 | Construir | Palisade Wall |
| 15:38 | Investigar | Feudal Age |
| 15:38 | Investigar | Feudal Age |
| 16:16 | Construir | Settlement |
| 16:26 | Construir | Settlement |
| 17:06 | Construir | Farm |
| 17:15 | Crear | Unit 2550 |
| 17:16 | Crear | Unit 2550 |
| 17:23 | Construir | Farm |
| 17:48 | Edad | Edad Feudal |
| 17:59 | Construir | Farm |
| 18:00 | Construir | Farm |
| 18:23 | Construir | Outpost |
| 18:26 | Crear | Villager (Male) |
| 18:30 | Construir | Farm |
| 18:49 | Crear | Villager (Male) |
| 18:54 | Construir | Farm |
| 19:09 | Construir | Watch Tower |
| 19:14 | Crear | Villager (Male) |
| 19:23 | Construir | Farm |
| 19:38 | Construir | Palisade Wall |
| 19:39 | Construir | Palisade Wall |
| 19:39 | Construir | Palisade Wall |
| 19:42 | Crear | Villager (Male) |
| 20:04 | Construir | Blacksmith |
| 20:05 | Crear | Villager (Male) |
| 20:21 | Crear | Villager (Male) |
| 20:37 | Construir | Watch Tower |
| 20:55 | Construir | Palisade Wall |
| 20:56 | Crear | Villager (Male) |
| 21:03 | Construir | Palisade Wall |
| 21:08 | Construir | Palisade Wall |
| 21:11 | Construir | Palisade Wall |
| 21:39 | Construir | Palisade Wall |
| 21:41 | Construir | Palisade Wall |
| 21:53 | Crear | Villager (Male) |
| 21:59 | Construir | Market |
| 22:06 | Construir | Outpost |
| 22:15 | Investigar | Fletching |
| 22:16 | Crear | Villager (Male) |
| 22:29 | Crear | Villager (Male) |
| 22:45 | Construir | Archery Range |
| 23:13 | Crear | Villager (Male) |
| 23:17 | Crear | Villager (Male) |
| 23:29 | Crear | Villager (Male) |
| 23:52 | Construir | Palisade Gate |
| 23:56 | Construir | Palisade Wall |
| 23:57 | Construir | Palisade Wall |
| 23:58 | Construir | Palisade Wall |
| 24:07 | Crear | Villager (Male) |
| 24:11 | Crear | Archer |
| 24:12 | Crear | Archer |
| 24:23 | Crear | Villager (Male) |
| 24:42 | Crear | Villager (Male) |
| 25:11 | Crear | Archer |
| 26:00 | Crear | Villager (Male) |
| 26:09 | Crear | Villager (Male) |
| 26:23 | Crear | Skirmisher |
| 26:24 | Crear | Archer |
| 26:57 | Construir | Watch Tower |
| 27:18 | Crear | Skirmisher |
| 27:18 | Crear | Skirmisher |
| 27:21 | Crear | Archer |
| 27:21 | Crear | Archer |
| 27:44 | Construir | Farm |
| 27:51 | Construir | Settlement |
| 28:03 | Construir | Farm |
| 28:09 | Crear | Archer |
| 28:09 | Crear | Archer |
| 28:26 | Construir | Farm |
| 29:01 | Construir | Watch Tower |
| 29:28 | Crear | Archer |
| 29:28 | Crear | Archer |
| 30:05 | Construir | Farm |
| 31:01 | Crear | Villager (Male) |
| 31:26 | Crear | Villager (Male) |
| 31:30 | Construir | Settlement |
| 31:58 | Crear | Villager (Male) |
| 32:38 | Construir | Settlement |
| 32:51 | Crear | Villager (Male) |
| 33:01 | Crear | Villager (Male) |
| 33:04 | Construir | Farm |
| 33:06 | Construir | Farm |
| 33:07 | Construir | Farm |
| 33:24 | Crear | Villager (Male) |
| 33:29 | Construir | Farm |
| 33:30 | Construir | Farm |
| 33:43 | Crear | Villager (Male) |
| 34:05 | Crear | Villager (Male) |
| 34:12 | Investigar | Town Watch |
| 34:22 | Construir | House |
| 34:23 | Construir | House |
| 35:01 | Crear | Archer |
| 35:17 | Investigar | Wheelbarrow |
| 35:52 | Investigar | Castle Age |
| 35:52 | Investigar | Castle Age |
| 36:08 | Crear | Archer |
Build order — [GDL]CemenTox
Primeras 150 de 183 acciones detectadas
| 0:01 | Crear | Villager (Male) |
| 0:02 | Crear | Villager (Male) |
| 0:02 | Crear | Villager (Male) |
| 0:02 | Construir | House |
| 0:04 | Construir | House |
| 0:15 | Crear | Villager (Male) |
| 1:29 | Crear | Villager (Male) |
| 1:30 | Crear | Villager (Male) |
| 1:58 | Crear | Villager (Male) |
| 2:32 | Crear | Villager (Male) |
| 2:51 | Crear | Villager (Male) |
| 3:25 | Construir | House |
| 3:30 | Crear | Villager (Male) ×2 |
| 4:06 | Construir | Barracks |
| 4:15 | Construir | House |
| 4:16 | Construir | House |
| 4:20 | Crear | Villager (Male) |
| 4:20 | Crear | Villager (Male) |
| 4:20 | Crear | Villager (Male) |
| 4:37 | Construir | Palisade Wall |
| 4:38 | Construir | Palisade Wall |
| 4:39 | Construir | Palisade Wall |
| 5:07 | Crear | Militia |
| 5:07 | Crear | Militia |
| 5:07 | Crear | Militia |
| 5:08 | Crear | Militia |
| 5:17 | Crear | Villager (Male) |
| 5:43 | Crear | Militia |
| 5:46 | Crear | Villager (Male) |
| 6:13 | Crear | Villager (Male) |
| 6:41 | Crear | Villager (Male) |
| 7:03 | Crear | Villager (Male) |
| 7:29 | Crear | Villager (Male) |
| 7:41 | Construir | Lumber Camp |
| 8:02 | Crear | Villager (Male) ×5 |
| 9:27 | Investigar | Loom |
| 9:28 | Investigar | Loom |
| 9:36 | Construir | Palisade Wall |
| 9:49 | Crear | Villager (Male) ×3 |
| 9:50 | Crear | Villager (Male) ×3 |
| 11:18 | Construir | Town Center |
| 11:25 | Construir | House |
| 11:26 | Construir | Palisade Wall |
| 12:33 | Crear | Villager (Male) ×2 |
| 12:36 | Construir | Lumber Camp |
| 13:29 | Crear | Villager (Male) |
| 13:53 | Crear | Villager (Male) |
| 13:57 | Construir | Mining Camp |
| 14:10 | Crear | Villager (Male) |
| 14:22 | Construir | Mill |
| 14:32 | Crear | Militia |
| 14:36 | Crear | Villager (Male) |
| 14:36 | Crear | Villager (Male) |
| 15:11 | Crear | Villager (Male) |
| 15:39 | Construir | House |
| 15:55 | Crear | Villager (Male) |
| 16:15 | Crear | Villager (Male) |
| 16:48 | Construir | House |
| 16:48 | Construir | House |
| 16:50 | Crear | Villager (Male) |
| 17:14 | Crear | Villager (Male) |
| 17:39 | Crear | Villager (Male) |
| 17:44 | Investigar | Feudal Age |
| 18:30 | Construir | Mining Camp |
| 18:56 | Construir | Farm |
| 19:00 | Construir | Farm |
| 19:06 | Construir | Farm |
| 19:25 | Construir | Mill |
| 19:38 | Construir | Farm |
| 19:41 | Construir | Outpost |
| 19:49 | Construir | Farm |
| 19:53 | Construir | Farm |
| 20:11 | Construir | Barracks |
| 20:15 | Edad | Edad Feudal |
| 20:20 | Crear | Militia |
| 20:20 | Crear | Militia |
| 20:21 | Crear | Villager (Male) |
| 20:46 | Investigar | Town Watch |
| 20:54 | Investigar | Man-at-Arms (upgrade) |
| 20:55 | Investigar | Man-at-Arms (upgrade) |
| 20:55 | Crear | Militia ×4 |
| 20:58 | Construir | House |
| 20:58 | Construir | House |
| 20:58 | Construir | House |
| 20:59 | Construir | House |
| 20:59 | Construir | House |
| 20:59 | Construir | House |
| 21:31 | Investigar | Wheelbarrow |
| 22:08 | Construir | Lumber Camp |
| 22:27 | Crear | Militia ×5 |
| 22:27 | Crear | Militia ×2 |
| 22:27 | Crear | Militia ×2 |
| 22:50 | Crear | Villager (Male) |
| 22:51 | Crear | Villager (Male) |
| 23:36 | Construir | Lumber Camp |
| 23:42 | Investigar | Arson |
| 23:44 | Crear | Villager (Male) |
| 24:03 | Crear | Villager (Male) |
| 24:27 | Construir | Mining Camp |
| 24:29 | Crear | Villager (Male) |
| 24:30 | Crear | Militia |
| 24:31 | Crear | Militia |
| 24:31 | Crear | Militia |
| 24:31 | Crear | Militia |
| 24:57 | Crear | Villager (Male) |
| 25:30 | Construir | Watch Tower |
| 25:31 | Crear | Villager (Male) |
| 25:44 | Crear | Militia ×5 |
| 25:45 | Crear | Villager (Male) |
| 26:00 | Crear | Villager (Male) |
| 26:10 | Construir | Market |
| 26:24 | Construir | House |
| 26:25 | Construir | House |
| 26:25 | Construir | House |
| 26:25 | Construir | House |
| 26:43 | Crear | Militia |
| 26:43 | Crear | Militia |
| 26:52 | Construir | Watch Tower |
| 26:58 | Construir | Blacksmith |
| 27:09 | Construir | Watch Tower |
| 27:11 | Crear | Villager (Male) |
| 27:22 | Crear | Militia ×2 |
| 27:39 | Crear | Villager (Male) |
| 27:39 | Crear | Villager (Male) |
| 27:43 | Investigar | Fletching |
| 27:55 | Crear | Villager (Male) |
| 28:15 | Construir | Farm |
| 28:15 | Construir | Farm |
| 28:16 | Construir | Farm |
| 28:16 | Construir | Farm |
| 28:16 | Construir | Farm |
| 28:16 | Construir | Farm |
| 28:16 | Construir | Farm |
| 28:17 | Construir | Farm |
| 28:17 | Construir | Farm |
| 28:17 | Construir | Farm |
| 28:17 | Construir | Farm |
| 28:32 | Crear | Villager (Male) |
| 28:32 | Crear | Villager (Male) |
| 28:40 | Construir | Watch Tower |
| 28:54 | Construir | Watch Tower |
| 29:54 | Construir | Watch Tower |
| 29:55 | Crear | Villager (Male) |
| 29:55 | Crear | Villager (Male) |
| 30:13 | Crear | Villager (Male) |
| 30:38 | Construir | Palisade Wall |
| 30:39 | Construir | Palisade Wall |
| 30:39 | Construir | Palisade Wall |
| 30:40 | Construir | Palisade Wall |
| 30:40 | Construir | Palisade Wall |
Cronología de la partida
| 4:06 | [GDL]CemenTox · first_building Barracks |
| 4:37 | [GDL]CemenTox · wall_segment Palisade Wall x1 |
| 4:38 | [GDL]CemenTox · wall_segment Palisade Wall x1 |
| 4:39 | [GDL]CemenTox · wall_segment Palisade Wall x1 |
| 6:44 | TE MS MOE · wall_segment Palisade Wall x1 |
| 9:36 | [GDL]CemenTox · wall_segment Palisade Wall x1 |
| 11:26 | [GDL]CemenTox · wall_segment Palisade Wall x1 |
| 14:00 | TE MS MOE · first_building Barracks |
| 15:01 | TE MS MOE · wall_segment Palisade Wall x1 |
| 15:05 | TE MS MOE · wall_segment Palisade Wall x1 |
| 15:14 | TE MS MOE · wall_segment Palisade Wall x1 |
| 15:27 | TE MS MOE · wall_segment Palisade Wall x1 |
| 15:28 | TE MS MOE · wall_segment Palisade Wall x1 |
| 15:29 | TE MS MOE · wall_segment Palisade Wall x1 |
| 17:48 | TE MS MOE · age_up feudal |
| 19:38 | TE MS MOE · wall_segment Palisade Wall x1 |
| 19:39 | TE MS MOE · wall_segment Palisade Wall x1 |
| 19:39 | TE MS MOE · wall_segment Palisade Wall x1 |
| 20:15 | [GDL]CemenTox · age_up feudal |
| 20:55 | TE MS MOE · wall_segment Palisade Wall x1 |
| 21:03 | TE MS MOE · wall_segment Palisade Wall x1 |
| 21:08 | TE MS MOE · wall_segment Palisade Wall x1 |
| 21:11 | TE MS MOE · wall_segment Palisade Wall x1 |
| 21:39 | TE MS MOE · wall_segment Palisade Wall x1 |
| 21:41 | TE MS MOE · wall_segment Palisade Wall x1 |
| 22:45 | TE MS MOE · first_building Archery Range |
| 23:56 | TE MS MOE · wall_segment Palisade Wall x1 |
| 23:57 | TE MS MOE · wall_segment Palisade Wall x1 |
| 23:58 | TE MS MOE · wall_segment Palisade Wall x1 |
| 26:49 | [GDL]CemenTox · first_market_buy 100 stone |
| 28:06 | TE MS MOE · first_market_sell 100 wood |
| 28:55 | TE MS MOE · first_market_buy 100 stone |
| 30:38 | [GDL]CemenTox · wall_segment Palisade Wall x1 |
| 30:39 | [GDL]CemenTox · wall_segment Palisade Wall x1 |
| 30:39 | [GDL]CemenTox · wall_segment Palisade Wall x2 |
| 30:40 | [GDL]CemenTox · wall_segment Palisade Wall x1 |
| 30:40 | [GDL]CemenTox · wall_segment Palisade Wall x2 |
| 30:48 | [GDL]CemenTox · first_market_sell 100 wood |
| 31:29 | [GDL]CemenTox · wall_segment Palisade Wall x1 |
| 35:26 | [GDL]CemenTox · age_up castle |
| 35:30 | [GDL]CemenTox · first_building Siege Workshop |
| 37:15 | TE MS MOE · resign |
[ ANÁLISIS IA · 1 CRÉDITO ]
¿Qué pasó realmente en esta partida?
Wolo.gg analiza cada decisión: build order, eco, micro, errores típicos por bracket. Análisis personalizado por WhatsApp o Discord en 30 segundos.
Guía civ
Tupíes
Perfil
TE MS MOE